Flames vs Canucks

Created - 24 novembre 2020 at 08:20

Goals
1 2 3 T
Flames 1 2 1 4
Canucks 0 1 1 2
Shots
1 2 3 T
Flames 9 18 9 36
Canucks 12 12 7 31

1st period

1. Flames , David Krejci 1 (Nick Jensen 2, Radim Simek 2) at 7:32 (PP)

Penalties :
Oscar Klefbom (VAN) for Hooking (Minor) at 3:17, Matt Calvert (VAN) for Hooking (Minor) at 5:44

2nd period

2. Flames , Nick Bjugstad 4 (Drew Doughty 3, David Krejci 5) at 9:13
3. Canucks , Dominik Kubalik 2 (Alex Killorn 4, Erik Cernak 1) at 11:14
4. Flames , Pavel Zacha 4 (Drew Doughty 4, Alex Chiasson 4) at 13:35

Penalties :
No Penalty

3rd period

5. Canucks , Alex Tuch 3 (Charlie McAvoy 3, Ben Bishop) at 2:37
6. Flames , Nick Bjugstad 5 (Danton Heinen 3) at 4:21

Penalties :
Ryan Getzlaf (VAN) for Holding (Minor) at 7:24, Jordan Martinook (VAN) for High sticking (Minor) at 11:34

Goalie Stats

Carey Price (CAL), 29 saves from 31 shots - (0,935), W, 3-2-0, 60:00 minutes
Ben Bishop (VAN), 32 saves from 36 shots - (0,889), L, 2-2-3, 60:00 minutes

Players Stats for Flames

Player Name              G  A  P  +/- PIM S  H  SB GA TA FO     MP     PP MP  PK MP  
------------------------------------------------------------------------------------
Alex Chiasson            0  1  1   1  0   4  3  1  1  0  0/1    19:27   3:48   0:00 
Anders Lee               0  0  0   0  0   3  1  0  0  1  0/0    19:54   3:55   0:00 
Danton Heinen            0  1  1   0  0   0  0  1  0  0  0/0    11:51   0:00   0:00 
David Kampf              0  0  0   0  0   0  0  0  0  0  2/8    12:02   0:02   0:00 
David Krejci             1  1  2   0  0   2  0  1  0  0  13/21  19:54   3:55   0:00 
Deryk Engelland          0  0  0   0  0   2  2  1  0  1  0/0    18:59   0:44   0:00 
Drew Doughty             0  2  2   1  0   4  4  2  0  0  0/0    26:19   4:33   0:00 
Kevan Miller             0  0  0   0  0   1  1  1  0  0  0/0    12:05   0:00   0:00 
Marcus Sorensen          0  0  0   0  0   3  0  0  0  0  0/0     8:37   0:00   0:00 
Nate Thompson            0  0  0   0  0   1  1  0  0  0  3/5     8:37   0:00   0:00 
Nick Bjugstad            2  0  2   0  0   2  4  2  0  1  1/1    12:02   0:02   0:00 
Nick Jensen              0  1  1   1  0   0  2  1  0  0  0/0    21:11   3:12   0:00 
Pavel Zacha              1  0  1   1  0   2  3  0  3  1  8/15   19:27   3:48   0:00 
Radim Simek              0  1  1   0  0   0  0  1  0  1  0/0    14:42   2:28   0:00 
Ryan Donato              0  0  0   1  0   1  2  0  1  0  0/2    19:27   3:48   0:00 
Sam Reinhart             0  0  0   0  0   4  0  1  2  0  0/4    19:54   3:55   0:00 
Tyson Jost               0  0  0   0  0   3  0  0  1  0  0/1     8:48   0:02   0:00 
Victor Hedman            0  0  0   0  0   4  0  1  0  0  0/0    26:44   4:33   0:00 

Players Stats for Canucks

Player Name              G  A  P  +/- PIM S  H  SB GA TA FO     MP     PP MP  PK MP  
------------------------------------------------------------------------------------
Alex Killorn             0  1  1   0  0   1  0  1  1  0  4/8    19:37   0:00   4:25 
Alex Tuch                1  0  1   0  0   2  0  0  0  0  0/0     8:43   0:00   0:00 
Blake Wheeler            0  0  0   1  0   2  0  1  0  1  0/0    17:29   0:00   0:15 
Charlie McAvoy           0  1  1   0  0   0  1  2  0  2  0/0    20:17   0:00   0:54 
Darnell Nurse            0  0  0  -1  0   2  1  6  0  0  0/0    22:11   0:00   2:10 
Denis Gurianov           0  0  0  -2  0   3  2  0  1  0  0/0    11:58   0:00   0:00 
Dominik Kubalik          1  0  1   0  0   4  1  1  1  0  1/2    18:35   0:00   3:24 
Erik Cernak              0  1  1   0  0   2  1  1  0  0  0/0    17:05   0:00   4:41 
Erik Johnson             0  0  0   0  0   2  4  1  0  2  0/0    24:32   0:00   4:41 
Gustav Nyquist           0  0  0   1  0   0  3  1  0  0  1/1    16:20   0:00   0:00 
Jason Dickinson          0  0  0  -2  0   2  0  0  0  0  3/4    11:23   0:00   0:05 
Jordan Martinook         0  0  0   0  2   0  2  1  1  0  4/4     8:35   0:00   0:00 
Matt Calvert             0  0  0  -2  2   1  0  1  1  0  0/0    14:25   0:00   3:17 
Mika Zibanejad           0  0  0   1  0   4  1  1  0  1  8/18   20:27   0:00   3:17 
Oscar Klefbom            0  0  0  -1  2   3  1  1  0  1  0/0    22:38   0:00   2:10 
Pierre Engvall           0  0  0   0  0   0  0  0  0  0  0/0     8:33   0:00   0:00 
Quinn Hughes             0  0  0   0  0   2  3  0  0  0  0/0    13:17   0:00   0:54 
Ryan Getzlaf             0  0  0   0  2   1  2  1  0  1  10/21  16:06   0:00   0:47 

3 Stars

1 - Nick Bjugstad (CAL)
2 - Drew Doughty (CAL)
3 - Pavel Zacha (CAL)

Power Play

Flames - 1 on 4 Attempt(s) - 25,00%
Canucks - 0 on 0 Attempt(s) - 0,00%

Penalty Kill

Flames - 0 on 0 Attempt(s) - 0,00% - Score 0 goal in Penalty Kill
Canucks - 3 on 4 Attempt(s) - 75,00% - Score 0 goal in Penalty Kill

Team Stat

Flames - Hits : 23 - Faceoff Wins : 27 - Blocked Shots : 13 - Penalty Minutes : 0
Canucks - Hits : 22 - Faceoff Wins : 31 - Blocked Shots : 19 - Penalty Minutes : 8

Official

Referees : Kelly Sutherland and Dean Morton
Linesman : Colin Gates and Robb Harrell

Game Notes

No Game Note

Finance

Level 1 -- Attendance: 5161 (86,02%) -- Ticket Income 490 295 $
Level 2 -- Attendance: 4672 (93,44%) -- Ticket Income 256 960 $
Level 3 -- Attendance: 2000 (100,00%) -- Ticket Income 60 000 $
Level 4 -- Attendance: 4000 (100,00%) -- Ticket Income 80 000 $
Luxury Box -- Attendance: 948 (94,80%) -- Ticket Income 165 900 $
Game was played at the Green men Ice Stadium.
Total Attendance: 16781 (93,23%)
Total Ticket Income: 1 053 155 $
Other Income: 516 046 $
Total Income: 1 569 201 $

Flames

5 vs 5 Forward 
   Center                   Left Wing                Right Wing               Time % Phy DF OF 
 1 David Krejci             Anders Lee               Sam Reinhart             38     0   1  4  
 2 Pavel Zacha              Ryan Donato              Alex Chiasson            30     0   2  3  
 3 David Kampf              Danton Heinen            Nick Bjugstad            22     1   2  2  
 4 Nate Thompson            Tyson Jost               Marcus Sorensen          10     1   3  1  

5 vs 5 Defense 
   Defense                  Defense                                           Time % Phy DF OF 
 1 Nick Jensen              Drew Doughty                                      35     0   3  2  
 2 Victor Hedman            Deryk Engelland                                   34     0   3  2  
 3 Kevan Miller             Radim Simek                                       23     1   3  1  
 4 Drew Doughty             Victor Hedman                                     8      0   2  3  

PowerPlay Forward 
   Center                   Left Wing                Right Wing               Time % Phy DF OF 
 1 David Krejci             Anders Lee               Sam Reinhart             60     0   0  5  
 2 Pavel Zacha              Ryan Donato              Alex Chiasson            40     0   1  4  

PowerPlay Defense
   Defense                  Defense                                           Time % Phy DF OF 
 1 Drew Doughty             Victor Hedman                                     60     0   1  4  
 2 Nick Jensen              Radim Simek                                       40     0   1  4  

Penalty Kill 4 Players Forward 
   Center                   Wing                     Time % Phy DF OF 
 1 Nate Thompson            Marcus Sorensen          60     1   4  0  
 2 David Kampf              Tyson Jost               40     0   4  1  

Penalty Kill 4 Players Defense
   Defense                  Defense                  Time % Phy DF OF 
 1 Kevan Miller             Deryk Engelland          60     1   4  0  
 2 Victor Hedman            Nick Jensen              40     1   4  0  

Penalty Kill - 3 Players Forward 
   Forward                                           Time % Phy DF OF 
 1 Nate Thompson                                     60     0   5  0  
 2 David Kampf                                       40     0   5  0  

Penalty Kill - 3 Players Defense
   Defense                  Defense                  Time % Phy DF OF 
 1 Deryk Engelland          Kevan Miller             60     0   5  0  
 2 Victor Hedman            Nick Jensen              40     0   5  0  

4 vs 4 Forward 
   Center                   Wing                     Time % Phy DF OF 
 1 David Krejci             Sam Reinhart             60     0   2  3  
 2 Nick Bjugstad            Anders Lee               40     0   2  3  

4 vs 4 Defense
   Defense                  Defense                  Time % Phy DF OF 
 1 Victor Hedman            Drew Doughty             60     0   2  3  
 2 Nick Jensen              Deryk Engelland          40     0   3  2  

Last Minutes Offensive
   Center                   Left Wing                Right Wing               Defense                  Defense                  
   David Krejci             Anders Lee               Sam Reinhart             Drew Doughty             Victor Hedman            

Last Minutes Defensive
   Center                   Left Wing                Right Wing               Defense                  Defense                  
   Nate Thompson            Pavel Zacha              David Kampf              Kevan Miller             Deryk Engelland          

Goaltenders
Starting : Carey Price              
Backup : Curtis McElhinney        

Extra Forwards
Normal : Sam Reinhart, David Krejci, Anders Lee - PP : Sam Reinhart, Nick Bjugstad - PK : Pavel Zacha
Extra Defensemen
Normal : Drew Doughty, Victor Hedman, Deryk Engelland - PP : Nick Jensen - PK : Radim Simek, Nick Jensen
Penalty Shots
Sam Reinhart, David Kampf, Ryan Donato, Nick Bjugstad, Pavel Zacha
Custom OT Lines Forwards
Sam Reinhart, Anders Lee, David Krejci, Pavel Zacha, Tyson Jost, Alex Chiasson, Nick Bjugstad, Ryan Donato, Danton Heinen, David Kampf
Custom OT Lines Defensemen
Drew Doughty, Victor Hedman, Kevan Miller, Nick Jensen, Deryk Engelland

Scratches
Jason Demers (Healthy), Alex Biega (Healthy)

Canucks

5 vs 5 Forward 
   Center                   Left Wing                Right Wing               Time % Phy DF OF 
 1 Mika Zibanejad           Gustav Nyquist           Blake Wheeler            35     0   0  5  
 2 Ryan Getzlaf             Dominik Kubalik          Alex Killorn             35     0   1  4  
 3 Jason Dickinson          Matt Calvert             Denis Gurianov           20     1   2  2  
 4 Jordan Martinook         Pierre Engvall           Alex Tuch                10     1   2  2  

5 vs 5 Defense 
   Defense                  Defense                                           Time % Phy DF OF 
 1 Darnell Nurse            Oscar Klefbom                                     38     0   2  3  
 2 Charlie McAvoy           Erik Johnson                                      38     0   2  3  
 3 Quinn Hughes             Erik Cernak                                       24     0   5  0  
 4 Quinn Hughes             Erik Cernak                                       0      0   5  0  

PowerPlay Forward 
   Center                   Left Wing                Right Wing               Time % Phy DF OF 
 1 Mika Zibanejad           Alex Killorn             Blake Wheeler            80     0   0  5  
 2 Ryan Getzlaf             Dominik Kubalik          Gustav Nyquist           20     0   0  5  

PowerPlay Defense
   Defense                  Defense                                           Time % Phy DF OF 
 1 Charlie McAvoy           Quinn Hughes                                      50     0   0  5  
 2 Oscar Klefbom            Quinn Hughes                                      50     0   0  5  

Penalty Kill 4 Players Forward 
   Center                   Wing                     Time % Phy DF OF 
 1 Alex Killorn             Matt Calvert             80     1   4  0  
 2 Jason Dickinson          Pierre Engvall           20     1   4  0  

Penalty Kill 4 Players Defense
   Defense                  Defense                  Time % Phy DF OF 
 1 Erik Johnson             Erik Cernak              80     1   4  0  
 2 Oscar Klefbom            Darnell Nurse            20     1   4  0  

Penalty Kill - 3 Players Forward 
   Forward                                           Time % Phy DF OF 
 1 Alex Killorn                                      60     1   4  0  
 2 Jason Dickinson                                   40     1   4  0  

Penalty Kill - 3 Players Defense
   Defense                  Defense                  Time % Phy DF OF 
 1 Erik Johnson             Erik Cernak              60     1   4  0  
 2 Oscar Klefbom            Darnell Nurse            40     1   4  0  

4 vs 4 Forward 
   Center                   Wing                     Time % Phy DF OF 
 1 Mika Zibanejad           Blake Wheeler            60     1   2  2  
 2 Ryan Getzlaf             Gustav Nyquist           40     1   2  2  

4 vs 4 Defense
   Defense                  Defense                  Time % Phy DF OF 
 1 Charlie McAvoy           Quinn Hughes             60     1   2  2  
 2 Erik Johnson             Darnell Nurse            40     1   2  2  

Last Minutes Offensive
   Center                   Left Wing                Right Wing               Defense                  Defense                  
   Mika Zibanejad           Alex Killorn             Blake Wheeler            Quinn Hughes             Oscar Klefbom            

Last Minutes Defensive
   Center                   Left Wing                Right Wing               Defense                  Defense                  
   Mika Zibanejad           Matt Calvert             Alex Killorn             Erik Johnson             Erik Cernak              

Goaltenders
Starting : Ben Bishop               
Backup : Chris Driedger           

Extra Forwards
Normal : Denis Gurianov, Alex Tuch, Pierre Engvall - PP : Denis Gurianov, Dominik Kubalik - PK : Mika Zibanejad
Extra Defensemen
Normal : Quinn Hughes, Erik Cernak, Darnell Nurse - PP : Oscar Klefbom - PK : Charlie McAvoy, Oscar Klefbom
Penalty Shots
Mika Zibanejad, Blake Wheeler, Ryan Getzlaf, Darnell Nurse, Gustav Nyquist
Custom OT Lines Forwards
Mika Zibanejad, Blake Wheeler, Ryan Getzlaf, Gustav Nyquist, Alex Killorn, Dominik Kubalik, Jason Dickinson, Denis Gurianov, Jordan Martinook, Matt Calvert
Custom OT Lines Defensemen
Quinn Hughes, Oscar Klefbom, Darnell Nurse, Charlie McAvoy, Erik Johnson

Scratches
Matt Grzelcyk (Healthy)

% Time on Ice - Flames

Lines # - Real PCT - Wanted PCT - Time Play
Normal Forward
1 - 31% - 38% - 15:58
2 - 30% - 30% - 15:49
3 - 23% - 22% - 11:51
4 - 16% - 10% - 8:37
Normal Defense
1 - 34% - 35% - 17:59
2 - 35% - 34% - 18:24
3 - 23% - 23% - 12:05
4 - 7% - 8% - 3:47
PP Forward
1 - 51% - 60% - 3:57
2 - 49% - 40% - 3:48
PP Defense
1 - 59% - 60% - 4:33
2 - 41% - 40% - 3:12
PK Forward
1 - 0% - 60%
2 - 0% - 40%
PK Defense
1 - 0% - 60%
2 - 0% - 40%
PK3 Forward
1 - 0% - 60%
2 - 0% - 40%
PK3 Defense
1 - 0% - 60%
2 - 0% - 40%
44 Forward
1 - 0% - 60%
2 - 0% - 40%
44 Defense
1 - 0% - 60%
2 - 0% - 40%
Last Minute Offensive  - 0:00
Last Minute Defensive  - 0:00
Total
Forward - 60:00
Defense - 60:00

% Time on Ice - Canucks

Lines # - Real PCT - Wanted PCT - Time Play
Normal Forward
1 - 33% - 35% - 17:22
2 - 29% - 35% - 15:11
3 - 21% - 20% - 11:09
4 - 16% - 10% - 8:33
Normal Defense
1 - 37% - 38% - 19:33
2 - 39% - 38% - 20:19
3 - 24% - 24% - 12:23
4 - 0% - 0% - 0:00
PP Forward
1 - 0% - 80%
2 - 0% - 20%
PP Defense
1 - 0% - 50%
2 - 0% - 50%
PK Forward
1 - 100% - 80% - 7:45
2 - 0% - 20% - 0:00
PK Defense
1 - 72% - 80% - 5:35
2 - 28% - 20% - 2:10
PK3 Forward
1 - 0% - 60%
2 - 0% - 40%
PK3 Defense
1 - 0% - 60%
2 - 0% - 40%
44 Forward
1 - 0% - 60%
2 - 0% - 40%
44 Defense
1 - 0% - 60%
2 - 0% - 40%
Last Minute Offensive  - 0:00
Last Minute Defensive  - 0:00
Total
Forward - 60:00
Defense - 60:00

Play-by-Play

1st period


0:01 of 1st period - Mika Zibanejad wins face-off versus David Krejci in neutral zone.
0:04 of 1st period - Wrist shot by Mika Zibanejad.
0:04 of 1st period - Shot Blocked by Drew Doughty.
0:06 of 1st period - Snap shot by Blake Wheeler.
0:06 of 1st period - Shot Misses the Net.
0:08 of 1st period - Slapshot by Oscar Klefbom.
0:08 of 1st period - Stopped by Carey Price without a rebound.
0:09 of 1st period - Mika Zibanejad wins face-off versus Sam Reinhart in Flames zone.
0:18 of 1st period - Wrist shot by Blake Wheeler.
0:18 of 1st period - Shot Misses the Net.
0:22 of 1st period - Wrist shot by Mika Zibanejad.
0:22 of 1st period - Shot Misses the Net.
0:24 of 1st period - Slapshot by Darnell Nurse.
0:24 of 1st period - Stopped by Carey Price without a rebound.
0:25 of 1st period - Pavel Zacha wins face-off versus Ryan Getzlaf in Flames zone.
0:25 of 1st period - Pavel Zacha is hit by Dominik Kubalik.
1:11 of 1st period - Slapshot by Quinn Hughes.
1:11 of 1st period - Deflect By Alex Tuch.
1:11 of 1st period - Stopped by Carey Price without a rebound.
1:12 of 1st period - Jordan Martinook wins face-off versus Tyson Jost in Flames zone.
1:19 of 1st period - Slapshot by Tyson Jost.
1:19 of 1st period - Shot Blocked by Darnell Nurse.
1:37 of 1st period - Oscar Klefbom is hit by Kevan Miller and loses puck.
2:05 of 1st period - Snap shot by Tyson Jost.
2:05 of 1st period - Stopped by Ben Bishop with a rebound.
2:29 of 1st period - Slapshot by Tyson Jost.
2:29 of 1st period - Shot Blocked by Darnell Nurse.
3:17 of 1st period - Minor Penalty to Oscar Klefbom for Hooking.
3:18 of 1st period - Alex Killorn wins face-off versus David Krejci in Canucks zone.
3:26 of 1st period - Wrist shot by Anders Lee.
3:26 of 1st period - Shot Blocked by Matt Calvert.
3:44 of 1st period - Erik Johnson is hit by Ryan Donato and loses puck.
5:17 of 1st period - Penalty to Oscar Klefbom is over, Oscar Klefbom is back on ice.
5:23 of 1st period - David Kampf is hit by Erik Johnson.
5:29 of 1st period - Erik Johnson is hit by Deryk Engelland and loses puck.
5:44 of 1st period - Minor Penalty to Matt Calvert for Hooking.
5:45 of 1st period - Pavel Zacha wins face-off versus Alex Killorn in Canucks zone.
5:48 of 1st period - Wrist shot by Pavel Zacha.
5:48 of 1st period - Stopped by Ben Bishop without a rebound.
5:49 of 1st period - Pavel Zacha wins face-off versus Alex Killorn in Canucks zone.
6:10 of 1st period - Alex Killorn is hit by Drew Doughty and loses puck.
6:47 of 1st period - Slapshot by Pavel Zacha.
6:47 of 1st period - Shot Misses the Net.
6:49 of 1st period - Snap shot by Victor Hedman.
6:49 of 1st period - Deflect By Pavel Zacha.
6:49 of 1st period - Shot Misses the Net.
6:49 of 1st period - Puck is out of play.
6:50 of 1st period - Mika Zibanejad wins face-off versus Sam Reinhart in Canucks zone.
7:00 of 1st period - Icing by Nick Jensen.
7:01 of 1st period - Ryan Getzlaf wins face-off versus David Krejci in Flames zone.
7:02 of 1st period - Slapshot by Dominik Kubalik.
7:02 of 1st period - Stopped by Carey Price with a rebound.
7:16 of 1st period - Slapshot by Anders Lee.
7:16 of 1st period - Shot Blocked by Darnell Nurse.
7:18 of 1st period - Slapshot by Radim Simek.
7:18 of 1st period - Shot Blocked by Darnell Nurse.
7:24 of 1st period - Wrist shot by Anders Lee.
7:24 of 1st period - Shot Blocked by Dominik Kubalik.
7:26 of 1st period - Snap shot by Radim Simek.
7:26 of 1st period - Shot Misses the Net.
7:28 of 1st period - Slapshot by David Krejci.
7:28 of 1st period - Stopped by Ben Bishop with a rebound.
7:30 of 1st period - Slapshot by Nick Jensen.
7:30 of 1st period - Shot Blocked by Darnell Nurse.
7:32 of 1st period - Snap shot by David Krejci.
7:32 of 1st period - Goal by David Krejci - Flames : 1 - Canucks : 0.
7:33 of 1st period - David Krejci wins face-off versus Ryan Getzlaf in neutral zone.
9:02 of 1st period - Snap shot by Dominik Kubalik.
9:02 of 1st period - Deflect By Deryk Engelland.
9:02 of 1st period - Stopped by Carey Price without a rebound.
9:03 of 1st period - Nate Thompson wins face-off versus Jason Dickinson in Flames zone.
9:55 of 1st period - Slapshot by Victor Hedman.
9:55 of 1st period - Shot Misses the Net.
9:57 of 1st period - Slapshot by Victor Hedman.
9:57 of 1st period - Stopped by Ben Bishop with a rebound.
9:59 of 1st period - Snap shot by Marcus Sorensen.
9:59 of 1st period - Shot Misses the Net.
10:01 of 1st period - Snap shot by Deryk Engelland.
10:01 of 1st period - Shot Misses the Net.
10:13 of 1st period - Wrist shot by Denis Gurianov.
10:13 of 1st period - Stopped by Carey Price without a rebound.
10:14 of 1st period - David Krejci wins face-off versus Ryan Getzlaf in Flames zone.
10:21 of 1st period - Snap shot by Sam Reinhart.
10:21 of 1st period - Shot Misses the Net.
10:44 of 1st period - Snap shot by Ryan Donato.
10:44 of 1st period - Shot Misses the Net.
11:31 of 1st period - Snap shot by Alex Killorn.
11:31 of 1st period - Shot Misses the Net.
11:33 of 1st period - Snap shot by Charlie McAvoy.
11:33 of 1st period - Shot Blocked by Nick Jensen.
11:35 of 1st period - Slapshot by Ryan Getzlaf.
11:35 of 1st period - Shot Misses the Net.
11:45 of 1st period - Quinn Hughes is hit by Alex Chiasson and loses puck.
13:44 of 1st period - Snap shot by Sam Reinhart.
13:44 of 1st period - Stopped by Ben Bishop without a rebound.
13:45 of 1st period - David Krejci wins face-off versus Ryan Getzlaf in Canucks zone.
13:52 of 1st period - Slapshot by Anders Lee.
13:52 of 1st period - Shot Misses the Net.
14:10 of 1st period - David Krejci is hit by Denis Gurianov.
14:16 of 1st period - Snap shot by Denis Gurianov.
14:16 of 1st period - Shot Misses the Net.
14:18 of 1st period - Snap shot by Matt Calvert.
14:18 of 1st period - Deflect By Denis Gurianov.
14:18 of 1st period - Stopped by Carey Price with a rebound.
14:20 of 1st period - Wrist shot by Jason Dickinson.
14:20 of 1st period - Stopped by Carey Price with a rebound.
14:31 of 1st period - Icing by Sam Reinhart.
14:32 of 1st period - David Krejci wins face-off versus Mika Zibanejad in Flames zone.
14:37 of 1st period - Erik Johnson is hit by Alex Chiasson and loses puck.
15:00 of 1st period - Snap shot by Dominik Kubalik.
15:00 of 1st period - Stopped by Carey Price with a rebound.
15:02 of 1st period - Snap shot by Dominik Kubalik.
15:02 of 1st period - Shot Misses the Net.
15:04 of 1st period - Snap shot by Charlie McAvoy.
15:04 of 1st period - Shot Misses the Net.
15:06 of 1st period - Slapshot by Erik Johnson.
15:06 of 1st period - Stopped by Carey Price with a rebound.
15:22 of 1st period - Snap shot by Tyson Jost.
15:22 of 1st period - Deflect By Oscar Klefbom.
15:22 of 1st period - Shot Blocked by Oscar Klefbom.
15:22 of 1st period - Puck is out of play.
15:23 of 1st period - Mika Zibanejad wins face-off versus Nate Thompson in Canucks zone.
15:30 of 1st period - Snap shot by Tyson Jost.
15:30 of 1st period - Stopped by Ben Bishop without a rebound.
15:31 of 1st period - Mika Zibanejad wins face-off versus David Krejci in Canucks zone.
16:04 of 1st period - Slapshot by Dominik Kubalik.
16:04 of 1st period - Shot Blocked by Drew Doughty.
16:06 of 1st period - Wrist shot by Ryan Getzlaf.
16:06 of 1st period - Deflect By Drew Doughty.
16:06 of 1st period - Stopped by Carey Price without a rebound.
16:07 of 1st period - Ryan Getzlaf wins face-off versus Pavel Zacha in Flames zone.
16:43 of 1st period - Slapshot by Sam Reinhart.
16:43 of 1st period - Stopped by Ben Bishop without a rebound.
16:44 of 1st period - Ryan Getzlaf wins face-off versus Pavel Zacha in Canucks zone.
16:55 of 1st period - Alex Killorn is hit by Deryk Engelland and loses puck.
17:24 of 1st period - Wrist shot by Blake Wheeler.
17:24 of 1st period - Shot Misses the Net.
18:16 of 1st period - Snap shot by Victor Hedman.
18:16 of 1st period - Stopped by Ben Bishop without a rebound.
18:17 of 1st period - Ryan Getzlaf wins face-off versus Alex Chiasson in Canucks zone.
18:17 of 1st period - Ryan Getzlaf is hit by Drew Doughty.
19:04 of 1st period - Wrist shot by Denis Gurianov.
19:04 of 1st period - Stopped by Carey Price without a rebound.
19:05 of 1st period - Jason Dickinson wins face-off versus David Kampf in Flames zone.
19:10 of 1st period - Snap shot by Denis Gurianov.
19:10 of 1st period - Shot Blocked by Nick Bjugstad.
19:30 of 1st period - Anders Lee is hit by Erik Johnson and loses puck.
19:59 of 1st period - Darnell Nurse is hit by Alex Chiasson and loses puck.
Goals for this period are 1 for Flames vs 0 for Canucks.
Shots for this period are 9 for Flames vs 12 for Canucks.

2nd period


0:01 of 2nd period - David Krejci wins face-off versus Ryan Getzlaf in neutral zone.
1:13 of 2nd period - Wrist shot by Tyson Jost.
1:13 of 2nd period - Shot Misses the Net.
1:15 of 2nd period - Slapshot by Tyson Jost.
1:15 of 2nd period - Shot Blocked by Erik Cernak.
1:17 of 2nd period - Slapshot by Nate Thompson.
1:17 of 2nd period - Stopped by Ben Bishop with a rebound.
1:37 of 2nd period - Backhand shot by Quinn Hughes.
1:37 of 2nd period - Shot Blocked by David Krejci.
1:49 of 2nd period - Wrist shot by Pavel Zacha.
1:49 of 2nd period - Shot Misses the Net.
2:13 of 2nd period - Matt Calvert is hit by Nick Bjugstad and loses puck.
2:32 of 2nd period - Snap shot by Tyson Jost.
2:32 of 2nd period - Shot Blocked by Alex Killorn.
2:58 of 2nd period - Slapshot by Mika Zibanejad.
2:58 of 2nd period - Stopped by Carey Price with a rebound.
3:38 of 2nd period - David Kampf is hit by Ryan Getzlaf and loses puck.
5:08 of 2nd period - Danton Heinen is hit by Oscar Klefbom and loses puck.
5:47 of 2nd period - Wrist shot by Alex Chiasson.
5:47 of 2nd period - Stopped by Ben Bishop with a rebound.
5:55 of 2nd period - Oscar Klefbom is hit by Pavel Zacha and loses puck.
6:32 of 2nd period - Snap shot by Matt Calvert.
6:32 of 2nd period - Shot Misses the Net.
7:05 of 2nd period - Wrist shot by Sam Reinhart.
7:05 of 2nd period - Stopped by Ben Bishop without a rebound.
7:06 of 2nd period - Ryan Getzlaf wins face-off versus David Kampf in Canucks zone.
7:17 of 2nd period - Wrist shot by Dominik Kubalik.
7:17 of 2nd period - Shot Blocked by Kevan Miller.
7:54 of 2nd period - Slapshot by Tyson Jost.
7:54 of 2nd period - Stopped by Ben Bishop without a rebound.
7:55 of 2nd period - Nate Thompson wins face-off versus Mika Zibanejad in Canucks zone.
7:56 of 2nd period - Snap shot by Tyson Jost.
7:56 of 2nd period - Shot Blocked by Mika Zibanejad.
7:58 of 2nd period - Snap shot by Marcus Sorensen.
7:58 of 2nd period - Stopped by Ben Bishop without a rebound.
7:59 of 2nd period - Mika Zibanejad wins face-off versus David Krejci in Canucks zone.
8:14 of 2nd period - Wrist shot by Mika Zibanejad.
8:14 of 2nd period - Shot Blocked by Sam Reinhart.
8:16 of 2nd period - Snap shot by Blake Wheeler.
8:16 of 2nd period - Stopped by Carey Price with a rebound.
8:18 of 2nd period - Slapshot by Blake Wheeler.
8:18 of 2nd period - Deflect By Mika Zibanejad.
8:18 of 2nd period - Shot Hit the Post.
8:18 of 2nd period - Puck is out of play.
8:19 of 2nd period - Dominik Kubalik wins face-off versus Pavel Zacha in Flames zone.
8:44 of 2nd period - Anders Lee is hit by Gustav Nyquist and loses puck.
9:11 of 2nd period - Slapshot by Drew Doughty.
9:11 of 2nd period - Stopped by Ben Bishop with a rebound.
9:13 of 2nd period - Snap shot by Nick Bjugstad.
9:13 of 2nd period - Goal by Nick Bjugstad - Flames : 2 - Canucks : 0.
9:14 of 2nd period - David Krejci wins face-off versus Ryan Getzlaf in neutral zone.
9:29 of 2nd period - Snap shot by Anders Lee.
9:29 of 2nd period - Stopped by Ben Bishop without a rebound.
9:30 of 2nd period - Mika Zibanejad wins face-off versus Pavel Zacha in Canucks zone.
9:37 of 2nd period - Slapshot by Drew Doughty.
9:37 of 2nd period - Stopped by Ben Bishop without a rebound.
9:38 of 2nd period - Pavel Zacha wins face-off versus Mika Zibanejad in Canucks zone.
10:03 of 2nd period - Mika Zibanejad is hit by Drew Doughty and loses puck.
10:24 of 2nd period - Wrist shot by Danton Heinen.
10:24 of 2nd period - Shot Misses the Net.
10:26 of 2nd period - Slapshot by Kevan Miller.
10:26 of 2nd period - Stopped by Ben Bishop without a rebound.
10:27 of 2nd period - Ryan Getzlaf wins face-off versus Ryan Donato in Canucks zone.
10:58 of 2nd period - Backhand shot by Ryan Getzlaf.
10:58 of 2nd period - Shot Blocked by Danton Heinen.
11:00 of 2nd period - Snap shot by Quinn Hughes.
11:00 of 2nd period - Stopped by Carey Price with a rebound.
11:02 of 2nd period - Wrist shot by Ryan Getzlaf.
11:02 of 2nd period - Shot Blocked by Nick Bjugstad.
11:04 of 2nd period - Slapshot by Quinn Hughes.
11:04 of 2nd period - Shot Misses the Net.
11:06 of 2nd period - Snap shot by Erik Cernak.
11:06 of 2nd period - Shot Misses the Net.
11:08 of 2nd period - Snap shot by Ryan Getzlaf.
11:08 of 2nd period - Shot Blocked by Radim Simek.
11:12 of 2nd period - Backhand shot by Alex Killorn.
11:12 of 2nd period - Stopped by Carey Price with a rebound.
11:14 of 2nd period - Snap shot by Dominik Kubalik.
11:14 of 2nd period - Goal by Dominik Kubalik - Flames : 2 - Canucks : 1.
11:15 of 2nd period - David Krejci wins face-off versus Mika Zibanejad in neutral zone.
12:30 of 2nd period - Slapshot by Sam Reinhart.
12:30 of 2nd period - Stopped by Ben Bishop with a rebound.
12:32 of 2nd period - Snap shot by Sam Reinhart.
12:32 of 2nd period - Shot Misses the Net.
12:39 of 2nd period - Icing by Pierre Engvall.
12:40 of 2nd period - Jordan Martinook wins face-off versus Nate Thompson in Canucks zone.
12:54 of 2nd period - Slapshot by Drew Doughty.
12:54 of 2nd period - Shot Blocked by Charlie McAvoy.
12:56 of 2nd period - Backhand shot by Nick Jensen.
12:56 of 2nd period - Shot Blocked by Charlie McAvoy.
13:17 of 2nd period - Snap shot by Mika Zibanejad.
13:17 of 2nd period - Stopped by Carey Price with a rebound.
13:29 of 2nd period - Snap shot by Alex Chiasson.
13:29 of 2nd period - Stopped by Ben Bishop with a rebound.
13:35 of 2nd period - Snap shot by Pavel Zacha.
13:35 of 2nd period - Goal by Pavel Zacha - Flames : 3 - Canucks : 1.
13:36 of 2nd period - Ryan Getzlaf wins face-off versus David Krejci in neutral zone.
14:10 of 2nd period - Snap shot by Alex Chiasson.
14:10 of 2nd period - Stopped by Ben Bishop with a rebound.
14:12 of 2nd period - Snap shot by Alex Chiasson.
14:12 of 2nd period - Stopped by Ben Bishop without a rebound.
14:13 of 2nd period - Pavel Zacha wins face-off versus Mika Zibanejad in Canucks zone.
14:14 of 2nd period - Snap shot by Alex Chiasson.
14:14 of 2nd period - Deflect By Pavel Zacha.
14:14 of 2nd period - Shot Misses the Net.
14:14 of 2nd period - Puck is out of play.
14:15 of 2nd period - David Krejci wins face-off versus Mika Zibanejad in Canucks zone.
14:46 of 2nd period - Slapshot by Victor Hedman.
14:46 of 2nd period - Stopped by Ben Bishop without a rebound.
14:47 of 2nd period - Pavel Zacha wins face-off versus Alex Killorn in Canucks zone.
14:48 of 2nd period - Snap shot by Ryan Donato.
14:48 of 2nd period - Shot Blocked by Darnell Nurse.
14:56 of 2nd period - Snap shot by Ryan Getzlaf.
14:56 of 2nd period - Shot Misses the Net.
14:58 of 2nd period - Slapshot by Oscar Klefbom.
14:58 of 2nd period - Stopped by Carey Price with a rebound.
15:19 of 2nd period - Snap shot by David Krejci.
15:19 of 2nd period - Shot Blocked by Blake Wheeler.
15:21 of 2nd period - Slapshot by Radim Simek.
15:21 of 2nd period - Shot Misses the Net.
15:23 of 2nd period - Slapshot by Radim Simek.
15:23 of 2nd period - Shot Blocked by Gustav Nyquist.
15:39 of 2nd period - David Kampf is hit by Quinn Hughes and loses puck.
15:52 of 2nd period - Icing by Nick Bjugstad.
15:53 of 2nd period - Jordan Martinook wins face-off versus David Kampf in Flames zone.
16:11 of 2nd period - Snap shot by David Kampf.
16:11 of 2nd period - Shot Misses the Net.
16:42 of 2nd period - Off-side.
16:43 of 2nd period - Jason Dickinson wins face-off versus Pavel Zacha in neutral zone.
16:50 of 2nd period - Slapshot by Oscar Klefbom.
16:50 of 2nd period - Stopped by Carey Price without a rebound.
16:51 of 2nd period - David Krejci wins face-off versus Ryan Getzlaf in Flames zone.
16:51 of 2nd period - David Krejci is hit by Darnell Nurse.
17:05 of 2nd period - Snap shot by Anders Lee.
17:05 of 2nd period - Stopped by Ben Bishop without a rebound.
17:06 of 2nd period - Mika Zibanejad wins face-off versus Ryan Donato in Canucks zone.
17:11 of 2nd period - Snap shot by Mika Zibanejad.
17:11 of 2nd period - Shot Misses the Net.
17:13 of 2nd period - Snap shot by Blake Wheeler.
17:13 of 2nd period - Stopped by Carey Price without a rebound.
17:14 of 2nd period - Pavel Zacha wins face-off versus Mika Zibanejad in Flames zone.
17:14 of 2nd period - Pavel Zacha is hit by Gustav Nyquist.
17:26 of 2nd period - Victor Hedman is hit by Gustav Nyquist and loses puck.
17:45 of 2nd period - Slapshot by Drew Doughty.
17:45 of 2nd period - Stopped by Ben Bishop with a rebound.
18:01 of 2nd period - Gustav Nyquist is hit by Ryan Donato and loses puck.
18:14 of 2nd period - Ryan Donato is hit by Mika Zibanejad and loses puck.
18:48 of 2nd period - Snap shot by Mika Zibanejad.
18:48 of 2nd period - Shot Blocked by Victor Hedman.
18:52 of 2nd period - Wrist shot by Mika Zibanejad.
18:52 of 2nd period - Stopped by Carey Price with a rebound.
19:34 of 2nd period - Slapshot by Mika Zibanejad.
19:34 of 2nd period - Stopped by Carey Price without a rebound.
19:35 of 2nd period - David Krejci wins face-off versus Ryan Getzlaf in Flames zone.
19:35 of 2nd period - David Krejci is hit by Erik Johnson.
19:46 of 2nd period - Wrist shot by Alex Killorn.
19:46 of 2nd period - Shot Misses the Net.
19:48 of 2nd period - Slapshot by Dominik Kubalik.
19:48 of 2nd period - Shot Misses the Net.
19:50 of 2nd period - Slapshot by Erik Johnson.
19:50 of 2nd period - Stopped by Carey Price with a rebound.
Goals for this period are 2 for Flames vs 1 for Canucks.
Shots for this period are 18 for Flames vs 12 for Canucks.

3rd period


0:01 of 3rd period - David Krejci wins face-off versus Ryan Getzlaf in neutral zone.
0:53 of 3rd period - Victor Hedman is hit by Erik Johnson and loses puck.
1:46 of 3rd period - Snap shot by Dominik Kubalik.
1:46 of 3rd period - Shot Misses the Net.
1:56 of 3rd period - Pavel Zacha is hit by Quinn Hughes and loses puck.
2:37 of 3rd period - Slapshot by Alex Tuch.
2:37 of 3rd period - Goal by Alex Tuch - Flames : 3 - Canucks : 2.
2:38 of 3rd period - Nick Bjugstad wins face-off versus Ryan Getzlaf in neutral zone.
3:06 of 3rd period - Drew Doughty is hit by Charlie McAvoy.
3:16 of 3rd period - Wrist shot by Blake Wheeler.
3:16 of 3rd period - Shot Misses the Net.
3:46 of 3rd period - Tyson Jost is hit by Jordan Martinook and loses puck.
4:07 of 3rd period - Slapshot by Darnell Nurse.
4:07 of 3rd period - Stopped by Carey Price without a rebound.
4:08 of 3rd period - David Kampf wins face-off versus Ryan Getzlaf in Flames zone.
4:08 of 3rd period - David Kampf is hit by Ryan Getzlaf.
4:16 of 3rd period - Alex Killorn is hit by Nick Bjugstad and loses puck.
4:21 of 3rd period - Slapshot by Nick Bjugstad.
4:21 of 3rd period - Goal by Nick Bjugstad - Flames : 4 - Canucks : 2.
4:22 of 3rd period - Ryan Getzlaf wins face-off versus David Krejci in neutral zone.
4:29 of 3rd period - Slapshot by Dominik Kubalik.
4:29 of 3rd period - Shot Misses the Net.
4:39 of 3rd period - Slapshot by Sam Reinhart.
4:39 of 3rd period - Shot Blocked by Ryan Getzlaf.
5:33 of 3rd period - Icing by Ryan Donato.
5:34 of 3rd period - Ryan Getzlaf wins face-off versus Pavel Zacha in Flames zone.
6:28 of 3rd period - Wrist shot by Danton Heinen.
6:28 of 3rd period - Shot Misses the Net.
6:30 of 3rd period - Wrist shot by Deryk Engelland.
6:30 of 3rd period - Stopped by Ben Bishop with a rebound.
6:32 of 3rd period - Slapshot by Deryk Engelland.
6:32 of 3rd period - Stopped by Ben Bishop without a rebound.
6:33 of 3rd period - Nate Thompson wins face-off versus Dominik Kubalik in Canucks zone.
6:36 of 3rd period - Wrist shot by Drew Doughty.
6:36 of 3rd period - Shot Misses the Net.
6:58 of 3rd period - Marcus Sorensen is hit by Denis Gurianov.
7:20 of 3rd period - Snap shot by Marcus Sorensen.
7:20 of 3rd period - Stopped by Ben Bishop without a rebound.
7:21 of 3rd period - Ryan Getzlaf wins face-off versus David Krejci in Canucks zone.
7:21 of 3rd period - Ryan Getzlaf is hit by Anders Lee.
7:24 of 3rd period - Minor Penalty to Ryan Getzlaf for Holding.
7:25 of 3rd period - David Krejci wins face-off versus Alex Killorn in Canucks zone.
7:29 of 3rd period - Slapshot by Anders Lee.
7:29 of 3rd period - Stopped by Ben Bishop with a rebound.
7:31 of 3rd period - Snap shot by Victor Hedman.
7:31 of 3rd period - Shot Misses the Net.
7:33 of 3rd period - Snap shot by Anders Lee.
7:33 of 3rd period - Shot Misses the Net.
8:17 of 3rd period - Wrist shot by Matt Calvert.
8:17 of 3rd period - Shot Misses the Net.
9:11 of 3rd period - Darnell Nurse is hit by Pavel Zacha and loses puck.
9:24 of 3rd period - Penalty to Ryan Getzlaf is over, Ryan Getzlaf is back on ice.
9:32 of 3rd period - Snap shot by Drew Doughty.
9:32 of 3rd period - Stopped by Ben Bishop without a rebound.
9:33 of 3rd period - Jordan Martinook wins face-off versus David Kampf in Canucks zone.
9:44 of 3rd period - Nick Bjugstad is hit by Jordan Martinook and loses puck.
10:01 of 3rd period - Wrist shot by Jason Dickinson.
10:01 of 3rd period - Shot Misses the Net.
10:07 of 3rd period - Wrist shot by Marcus Sorensen.
10:07 of 3rd period - Stopped by Ben Bishop without a rebound.
10:08 of 3rd period - David Krejci wins face-off versus Mika Zibanejad in Canucks zone.
10:55 of 3rd period - Charlie McAvoy is hit by Nick Jensen.
11:34 of 3rd period - Minor Penalty to Jordan Martinook for High sticking.
11:35 of 3rd period - Alex Killorn wins face-off versus Sam Reinhart in Canucks zone.
12:01 of 3rd period - Erik Cernak is hit by Pavel Zacha and loses puck.
12:06 of 3rd period - Backhand shot by Pavel Zacha.
12:06 of 3rd period - Deflect By Alex Chiasson.
12:06 of 3rd period - Shot Blocked by Erik Johnson.
12:06 of 3rd period - Puck is out of play.
12:07 of 3rd period - Alex Killorn wins face-off versus Pavel Zacha in Canucks zone.
12:16 of 3rd period - Snap shot by Ryan Donato.
12:16 of 3rd period - Stopped by Ben Bishop without a rebound.
12:17 of 3rd period - Alex Killorn wins face-off versus Sam Reinhart in Canucks zone.
13:34 of 3rd period - Penalty to Jordan Martinook is over, Jordan Martinook is back on ice.
13:46 of 3rd period - Slapshot by Victor Hedman.
13:46 of 3rd period - Shot Blocked by Jordan Martinook.
13:52 of 3rd period - Oscar Klefbom is hit by Nate Thompson and loses puck.
14:23 of 3rd period - Nick Jensen is hit by Erik Cernak and loses puck.
14:38 of 3rd period - Ryan Getzlaf is hit by Drew Doughty and loses puck.
15:15 of 3rd period - Charlie McAvoy is hit by Nick Bjugstad and loses puck.
15:32 of 3rd period - Charlie McAvoy is hit by Nick Jensen.
15:56 of 3rd period - Slapshot by Victor Hedman.
15:56 of 3rd period - Stopped by Ben Bishop without a rebound.
15:57 of 3rd period - David Kampf wins face-off versus Mika Zibanejad in Canucks zone.
17:03 of 3rd period - Snap shot by Denis Gurianov.
17:03 of 3rd period - Shot Blocked by Deryk Engelland.
17:05 of 3rd period - Wrist shot by Jason Dickinson.
17:05 of 3rd period - Stopped by Carey Price without a rebound.
17:06 of 3rd period - Jason Dickinson wins face-off versus David Kampf in Flames zone.
17:36 of 3rd period - Slapshot by Quinn Hughes.
17:36 of 3rd period - Shot Misses the Net.
17:40 of 3rd period - Wrist shot by Jason Dickinson.
17:40 of 3rd period - Shot Misses the Net.
17:42 of 3rd period - Snap shot by Jason Dickinson.
17:42 of 3rd period - Deflect By Matt Calvert.
17:42 of 3rd period - Stopped by Carey Price with a rebound.
17:44 of 3rd period - Slapshot by Erik Cernak.
17:44 of 3rd period - Stopped by Carey Price with a rebound.
17:46 of 3rd period - Slapshot by Erik Cernak.
17:46 of 3rd period - Shot Misses the Net.
17:48 of 3rd period - Slapshot by Erik Cernak.
17:48 of 3rd period - Stopped by Carey Price with a rebound.
17:50 of 3rd period - Wrist shot by Quinn Hughes.
17:50 of 3rd period - Shot Blocked by Alex Chiasson.
17:52 of 3rd period - Slapshot by Quinn Hughes.
17:52 of 3rd period - Stopped by Carey Price without a rebound.
17:53 of 3rd period - Gustav Nyquist wins face-off versus David Kampf in Flames zone.
18:42 of 3rd period - Off-side.
18:43 of 3rd period - Pavel Zacha wins face-off versus Mika Zibanejad in neutral zone.
19:08 of 3rd period - Jason Dickinson is hit by Nick Bjugstad and loses puck.
19:53 of 3rd period - Sam Reinhart is hit by Quinn Hughes and loses puck.
Goals for this period are 1 for Flames vs 1 for Canucks.
Shots for this period are 9 for Flames vs 7 for Canucks.